 Dungeon Crawl Stone Soup version 0.21.1-1-g345015fe64 (webtiles) character file.

243 Reditus the Shield-Bearer (level 5, -8/48 HPs)
             Began as a Minotaur Fighter on June 30, 2018.
             Mangled by makkenr95's ghost (10 damage)
             ... on level 4 of the Dungeon.
             The game lasted 00:13:48 (2321 turns).

Reditus the Shield-Bearer (Minotaur Fighter)        Turns: 2321, Time: 00:13:49

Health: -8/48      AC:  9    Str: 21    XL:     5   Next: 82%
Magic:  4/4        EV:  7    Int:  5    God:
Gold:   116        SH: 10    Dex: 10    Spells: 4/4 levels left

rFire    . . .     SeeInvis .   a - +0 flail
rCold    . . .     Gourm    .   c - +0 shield
rNeg     . . .     Faith    .   b - +0 scale mail
rPois    .         Spirit   .   v - +2 hat
rElec    .         Reflect  .   (no cloak)
rCorr    .         Harm     .   (no gloves)
MR       .....                  (no boots)
Stlth    ..........             (no amulet)
HPRegen  0.16/turn              (no ring)
MPRegen  0.09/turn              (no ring)

@: no status effects
A: retaliatory headbutt, horns 2
a: no special abilities


You were on level 4 of the Dungeon.
You were not hungry.

You visited 1 branch of the dungeon, and saw 4 of its levels.

You collected 116 gold pieces.

Inventory:

Hand Weapons
 a - a +0 flail (weapon)
 s - a +0 flail
 w - a +0 dagger
 y - a +0 mace
Missiles
 x - 2 tomahawks (quivered)
Armour
 b - a +0 scale mail (worn)
 c - a +0 shield (worn)
 n - a +0 buckler
 v - a +2 hat (worn)
Jewellery
 j - an uncursed amulet of magic regeneration {unknown}
 u - an uncursed ring of wizardry {unknown}
Wands
 d - a wand of flame (28)
Scrolls
 g - 2 scrolls of fear {unknown}
 h - a scroll of remove curse {unknown}
 i - a scroll of magic mapping {unknown}
 p - a scroll of identify {unknown}
 z - 2 scrolls of blinking {unknown}
Potions
 e - 2 potions of heal wounds {unknown}
 k - a potion of resistance {unknown}
 l - a potion of degeneration {unknown}
 m - a potion of lignification {unknown}
 o - a potion of curing {unknown}
 q - a potion of ambrosia {unknown}
 r - a potion of brilliance {unknown}
 t - a potion of agility {unknown}
Comestibles
 f - 5 rations


   Skills:
 + Level 5.0 Fighting
 + Level 4.2 Maces & Flails
 + Level 5.0 Armour
 + Level 5.1 Shields


You had 4 spell levels left.
You didn't know any spells.

Dungeon Overview and Level Annotations

Branches:
Dungeon (4/15)
 Temple: D:4-7

Altars:
Nemelex Xobeh

Annotations:
D:4 makkenr95's ghost, amateur MiFi


Innate Abilities, Weirdness & Mutations

You reflexively headbutt those who attack you in melee.
You have a pair of horns on your head.


Message History

Makkenr95's ghost is severely damaged.
Makkenr95's ghost hits you but does no damage.
You hit makkenr95's ghost but do no damage.
You headbutt makkenr95's ghost, but do no damage.
Makkenr95's ghost is severely damaged.
Makkenr95's ghost hits you!
* * * LOW HITPOINT WARNING * * *
You hit makkenr95's ghost. Your headbutt misses makkenr95's ghost.
Makkenr95's ghost is almost destroyed.
Makkenr95's ghost hits you but does no damage.
You hit makkenr95's ghost but do no damage.
Makkenr95's ghost is almost destroyed.
Makkenr95's ghost hits you.
* * * LOW HITPOINT WARNING * * *
Makkenr95's ghost hits you.
* * * LOW HITPOINT WARNING * * *
You hit makkenr95's ghost.
Makkenr95's ghost is almost destroyed.
Makkenr95's ghost hits you!
You die...

S# #.# ## ###..
.. #.... #.
#.#.# #. #.#.##
#.##.#..#..#
#.@W..%....#
#.....##.##.#.##
#..<#. #... ..
### #. ####.###
#. .. #. .# #> #
..


You could see makkenr95's ghost.

Vanquished Creatures
  The ghost of patthesweetcat the Conjurer, an amateur DECj (D:3)
  Terence (D:2)
  6 adders
  An ooze (D:2)
  2 worms (D:3)
  2 leopard geckos
  6 orcs (D:3)
  6 giant cockroaches
  8 goblins
  9 hobgoblins
  3 kobolds
  4 quokkas (D:3)
  2 ball pythons (D:2)
  12 bats
  7 frilled lizards
  A leopard gecko skeleton (D:4)
  A quokka zombie (D:3)
  7 rats
79 creatures vanquished.

Notes
Turn   | Place    | Note
-------+----------+-------------------------------------------
     0 | D:1      | Reditus the Minotaur Fighter began the quest for the Orb.
     0 | D:1      | Reached XP level 1. HP: 19/19 MP: 0/0
   374 | D:1      | Reached XP level 2. HP: 26/27 MP: 1/1
   397 | D:1      | Found a sparkling altar of Nemelex Xobeh.
   860 | D:2      | Reached XP level 3. HP: 27/33 MP: 2/2
  1140 | D:2      | Noticed Terence
  1148 | D:2      | Killed Terence
  1148 | D:2      | Reached XP level 4. HP: 17/40 MP: 3/3
  1877 | D:3      | Noticed patthesweetcat's ghost (amateur DECj)
  1894 | D:3      | Killed patthesweetcat's ghost
  1894 | D:3      | Reached XP level 5. HP: 34/47 MP: 4/4
  2085 | D:3      | Reached skill level 5 in Shields
  2091 | D:3      | Reached skill level 5 in Armour
  2135 | D:3      | Reached skill level 5 in Fighting
  2299 | D:4      | Noticed makkenr95's ghost (amateur MiFi)
  2320 | D:4      | HP: 2/48 [makkenr95's ghost (4)]
  2321 | D:4      | Mangled by makkenr95's ghost

Skill      XL: |  1  2  3  4  5 |
---------------+----------------+-----
Shields        | 4 5 |  5.1
Armour         | 4 5 |  5.0
Fighting       | 4 5 |  5.0
Maces & Flails | 3 4 |  4.2

Action                   |  1- 3 |  4- 6 || total
-------------------------+-------+-------++-------
Melee: Flail             |    92 |   148 ||   240
       Headbutt          |    13 |    26 ||    39
  Use: Potion            |     1 |       ||     1
  Eat: Chunk             |     1 |     4 ||     5
Armor: Scale mail        |    48 |    73 ||   121
Dodge: Dodged            |    38 |    39 ||    77
Block: Shield            |    37 |    75 ||   112
